 Dungeon Crawl Stone Soup version 0.24-a0-586-g8e0e932 (webtiles) character file.

Game seed: 17160321079405063334, levelgen mode: deterministic

53 Gashadokuro the Charmwright (level 3, 0/28 HPs)
             Began as a Merfolk Skald on Sept 7, 2019.
             Slain by a leopard gecko (3 damage)
             ... on level 4 of the Dungeon.
             The game lasted 00:04:51 (725 turns).

Gashadokuro the Charmwright (Merfolk Skald)          Turns: 725, Time: 00:04:55

Health: 0/28       AC:  8    Str: 12    XL:     3   Next: 89%
Magic:  6/6        EV: 11    Int: 12    God:
Gold:   0          SH:  0    Dex: 13    Spells: 5/6 levels left

rFire    . . .     SeeInvis +   A - +2 whip (vamp)
rCold    + . .     Gourm    .   (no shield)
rNeg     . . .     Faith    .   g - +0 ring mail
rPois    .         Spirit   .   (no helmet)
rElec    .         Reflect  .   r - +1 cloak
rCorr    .         Harm     .   (no gloves)
MR       .....                  k - +0 pair of boots
Stlth    +.........             (no amulet)
HPRegen  0.09/turn              i - ring of protection from cold
MPRegen  0.10/turn              m - ring of see invisible

@: no status effects
A: change form in water, swift swim, stealthy swim
a: no special abilities


You were on level 4 of the Dungeon.
You were not hungry.

You visited 1 branch of the dungeon, and saw 4 of its levels.

Inventory:

Hand Weapons
 a - a +0 falchion
 n - a +0 club
 p - a cursed -2 short sword
 t - a +0 club
 w - a +0 short sword
 z - a +0 dagger
 A - a +2 vampiric whip (weapon)
 B - a +0 club
 C - a +0 dagger
 E - a +0 club
Missiles
 c - 8 silver boomerangs (quivered)
 e - 12 bolts
 j - 2 javelins
 s - 17 sling bullets
 D - a stone
Armour
 b - a +0 leather armour
 f - a +0 robe
 g - a +0 ring mail (worn)
 k - a +0 pair of boots (worn)
 l - a cursed +0 ring mail
 r - a +1 cloak (worn)
Jewellery
 i - a ring of protection from cold (left hand)
 m - a ring of see invisible (right hand)
Scrolls
 o - a scroll of noise {unknown}
 u - a scroll of identify {unknown}
 v - a scroll of teleportation {unknown}
 y - a scroll of remove curse {unknown}
Potions
 h - a potion of curing {unknown}
 x - 2 potions of flight {unknown}
Comestibles
 d - a ration
 q - 10 chunks of flesh


   Skills:
 + Level 2.5 Fighting
 + Level 2.8 Long Blades
 + Level 0.2 Maces & Flails
 + Level 1.1 Armour
 + Level 3.3 Dodging
 + Level 2.1 Spellcasting
 + Level 3.7 Charms


You had 5 spell levels left.
You knew the following spells:

 Your Spells              Type           Power        Failure   Level  Hunger
a - Infusion              Chrm           ##..         13%         1    ##.....

Your spell library contained the following spells:

 Spells                   Type           Power        Failure   Level  Hunger
 Song of Slaying          Chrm           ##......     21%         2    ###....
 Shroud of Golubria       Chrm/Tloc      #.....       38%         2    ###....
 Regeneration             Chrm/Necr      #.........   63%         3    ####...
 Spectral Weapon          Hex/Chrm       #.......     63%         3    ####...


Dungeon Overview and Level Annotations

Branches:
Dungeon (4/15)
 Temple: D:4-7

Altars:

Annotations:
D:4 Pikel


Message History

a hobgoblin skeleton; an orc skeleton; an adder skeleton
Things that are here:
a hobgoblin skeleton; an orc skeleton; an adder skeleton Some of the chunks of flesh in your inventory have rotted away.
You see here a +0 club.
E - a +0 club
There is a stone staircase leading down here.
You climb downwards.
Level annotation: Pikel The slave hits you.
Pikel hits you but does no damage. The slave hits you!
A slave comes into view.
There is a stone staircase leading up, spattered with blood here.
You are too injured to fight recklessly!
You miss Pikel.
The slave shouts!
You hear an angry hiss.
Pikel hits you with a +0 whip of electrocution.
You are electrocuted!
* * * LOW HITPOINT WARNING * * *
The slave hits you but does no damage. The leopard gecko bites you.
You die...

######## #.
......#...
#.........
#.l.......
#@Ko..#
#pp...#
#!......$..
#.#l...###.
.....#?..
....h...#.#
.##...#.##.#
.. #...p.. .


You could see Pikel, 3 slaves, an iguana, a hound, an orc and a leopard gecko.

Vanquished Creatures
  A slave (D:3)
  2 adders (D:3)
  An ooze (D:1)
  A dart slug (D:1)
  3 orcs (D:3)
  A bat (D:2)
  2 giant cockroaches (D:1)
  A goblin (D:3)
  3 hobgoblins
  3 jackals
  2 ball pythons (D:1)
  4 kobolds
  3 rats
27 creatures vanquished.

Notes
Turn   | Place    | Note
-------+----------+-------------------------------------------
     0 | D:1      | Gashadokuro the Merfolk Skald began the quest for the Orb.
     0 | D:1      | Reached XP level 1. HP: 16/16 MP: 3/3
   233 | D:1      | Reached XP level 2. HP: 18/22 MP: 5/5
   581 | D:3      | Reached XP level 3. HP: 18/28 MP: 6/6
   624 | D:4      | Noticed a slave
   625 | D:4      | Noticed a slave
   627 | D:4      | Noticed Pikel
   627 | D:4      | Noticed a slave
   647 | D:3      | Reached skill level 1 in Armour
   665 | D:3      | Killed a slave
   724 | D:4      | Noticed a slave
   725 | D:4      | Slain by a leopard gecko

Levels and vault maps discovered:
D:1:      kennysheep_arrival_forest, layout_loops_corners, serial_glass,
          glass_columns_a, glass_columns_a, glass_columns_a, glass_columns_a,
          glass_columns_c, glass_columns_c, glass_columns_c, glass_columns_a,
          glass_columns_a, glass_columns_c, glass_columns_a, glass_columns_b,
          glass_columns_b, glass_columns_b, feat_on_display,
          due_unseen_surprise, minmay_close_crescents
D:2:      kennysheep_six_static_rooms, layout_loops_cross, minitemple,
          grunt_ministairs_6, minmay_misc_feat_plants, kennysheep_crisscross
D:3:      layout_basic, uniq_robin
D:4:      layout_loops_ring, first_ration, grunt_ministairs_12, uniq_natasha,
          uniq_menkaure, uniq_pikel

Skill      XL: |  1  2  3 |
---------------+----------+-----
Armour         | 1 |  1.1
Dodging        | 3 |  3.3
Fighting       | |  2.5
Long Blades    | |  2.8
Maces & Flails | |  0.2
Spellcasting   | |  2.1
Charms         | |  3.7

Action                   || total
-------------------------++-------
Melee: Falchion          ||    51
       Whip              ||    65
Armor: Ring mail         ||   102
       Leather armour    ||     1
Dodge: Dodged            ||   112
       Rpst.: Falchion   ||    15

Table legend:
 A = Non-vault XP
 B = Vault XP
 C = Vault XP percentage of total XP
 D = Non-vault monster count
 E = Vault monster count
 F = Vault count percentage of total count
                 A         B        C        D         E       F
            +---------+---------+-------+---------+---------+-------
      Total |      67 |      10 |  13.0 |      20 |       6 |  23.1
            +---------+---------+-------+---------+---------+-------
        D:1 |      16 |      10 |  38.5 |       6 |       6 |  50.0
        D:2 |       2 |       0 |   0.0 |       1 |       0 |   0.0
        D:3 |      49 |       0 |   0.0 |      13 |       0 |   0.0
            +---------+---------+-------+---------+---------+-------
